 Dungeon Crawl Stone Soup version 0.24.0-13-gcf9b3192b9 (webtiles) character file.

Game seed: 12781421525561276601, levelgen mode: deterministic

193780 Arum the Warrior (level 18, -13/162 HPs)
             Began as a Formicid Fighter on Nov 10, 2019.
             Was an Initiate of Gozag.
             Killed from afar by Mara (36 damage)
             ... with a bolt of fire
             ... on level 3 of the Shoals.
             The game lasted 01:02:06 (34771 turns).

Arum the Warrior (Formicid Fighter)                Turns: 34771, Time: 01:02:06

Health: -13/162    AC: 20    Str: 27    XL:     18   Next: 97%
Magic:  18/18      EV: 19    Int: 12    God:    Gozag
Gold:   1818       SH: 15    Dex: 19    Spells: 14/17 levels left

rFire    . . .     SeeInvis +   z - +6 battleaxe of Uncomfortable Rashes {chop, rPois}
rCold    + + +     Gourm    .   r - +0 shield {reflect}
rNeg     . . .     Faith    .   W - +4 scale mail of Ykkuzox {-Tele rC+++ rCorr}
rPois    +         Spirit   .   (helmet unavailable)
rElec    +         Reflect  +   v - +2 cloak {MR+}
rCorr    +         Harm     .   R - +0 pair of gloves
MR       +++..                  X - +1 pair of boots "Put-Me-On" {Regen+ Int+4 Dex+4}
Stlth    ..........             O - amulet of magic regeneration
HPRegen  0.77/turn              g - ring of the Raven {+Blink rElec EV+3 Str+3}
MPRegen  0.41/turn              K - ring of protection from magic

@: flying
A: permanent stasis, dig shafts and tunnels, four strong arms, antennae 3
}: 1/15 runes: gossamer
a: Dig, Shaft Self, Potion Petition, Call Merchant, Bribe Branch, Renounce
Religion


You were on level 3 of the Shoals.
You worshipped Gozag.
Gozag was most pleased with you.
You were not hungry.

You visited 6 branches of the dungeon, and saw 31 of its levels.
You also visited: Ossuary, Bailey and Ice Cave.

You collected 12173 gold pieces.
You spent 1912 gold pieces at shops.
You paid 8443 gold pieces to Gozag.

Inventory:

Hand Weapons
 z - the +6 battleaxe of Uncomfortable Rashes (weapon) {chop, rPois}
   (You bought it in a shop on level 6 of the Lair of Beasts)

   It inflicts extra damage upon your enemies.
   It protects you from poison.
 H - the +8 hand axe of Valiance {speed, Int+3 Stlth-}
   (You found it on level 6 of the Dungeon)

   Attacks with this weapon are significantly faster.
   It affects your intelligence (+3).
   It makes you less stealthy.
 L - the cursed +1 battleaxe of Kevaen {holy, rN+ MR- Dex+4 Stlth+}
   (You found it on level 8 of the Dungeon)

   It has been blessed by the Shining One to cause great damage to the undead
   and demons.
   It affects your dexterity (+4).
   It protects you from negative energy.
   It affects your resistance to hostile enchantments.
   It makes you more stealthy.
   It has a curse placed upon it.
 U - a +2 scimitar of flaming
Missiles
 q - 3 throwing nets (quivered)
Armour
 r - a +0 shield of reflection (worn)
 v - a +2 cloak of magic resistance (worn)
 y - a scarf of resistance
 A - a +1 plate armour of positive energy
 M - a scarf of repulsion
 R - a +0 pair of gloves (worn)
 W - the +4 scale mail of Ykkuzox (worn) {-Tele rC+++ rCorr}
   (You found it on level 5 of the Lair of Beasts)

   It renders you almost immune to cold.
   It prevents most forms of teleportation.
   It provides partial protection from all sources of acid and corrosion.
 X - the +1 pair of boots "Put-Me-On" (worn) {Regen+ Int+4 Dex+4}
   (You bought it in a shop on level 6 of the Lair of Beasts)

   It affects your intelligence (+4).
   It affects your dexterity (+4).
   It increases your rate of regeneration.
Jewellery
 g - the ring of the Raven (left hand) {+Blink rElec EV+3 Str+3}
   (You found it on level 9 of the Dungeon)

   [ring of evasion]

   It affects your evasion (+3).
   It affects your strength (+3).
   It insulates you from electricity.
   It lets you blink.
 w - an uncursed ring of protection from cold
 x - an uncursed ring of resist corrosion
 G - a +5 ring of dexterity
 K - a ring of protection from magic (right hand)
 O - an amulet of magic regeneration (around neck)
 Y - an uncursed ring of positive energy
Wands
 a - a wand of digging (4)
 c - a wand of scattershot (10)
 k - a wand of random effects (37)
 o - a wand of polymorph (37)
 C - a wand of paralysis (18)
 N - a wand of flame (13)
 P - a wand of acid (6)
 T - a wand of iceblast (23)
Scrolls
 e - a scroll of identify
 h - 6 scrolls of enchant armour
 i - 5 scrolls of immolation
 j - 8 scrolls of amnesia
 t - 7 scrolls of fear
 u - 6 scrolls of remove curse
 D - 2 scrolls of silence
 I - 4 scrolls of enchant weapon
 J - 3 scrolls of fog
 Q - 2 scrolls of brand weapon
 S - 3 scrolls of magic mapping
Potions
 b - 8 potions of agility
 d - 4 potions of might
 l - 10 potions of curing
 m - 2 potions of cancellation
 n - 9 potions of ambrosia
 p - 7 potions of flight
 s - a potion of resistance
 B - 5 potions of lignification
 E - 4 potions of mutation
 F - 5 potions of brilliance
 V - a potion of invisibility
Comestibles
 f - 14 rations


   Skills:
 + Level 19.8 Fighting
 + Level 18.3 Axes
 + Level 11.3 Armour
 - Level 8.0 Dodging
 - Level 15.0 Shields


You had 14 spell levels left.
You knew the following spells:

 Your Spells              Type           Power        Failure   Level  Hunger
a - Regeneration          Chrm/Necr      #.........   88%         3    ####...

Your spell library contained the following spells:

 Spells                   Type           Power        Failure   Level  Hunger
 Animate Skeleton         Necr           N/A          52%         1    ##.....
 Apportation              Tloc           #.....       52%         1    ##.....
 Beastly Appendage        Tmut           #.....       52%         1    ##.....
 Confusing Touch          Hex            #.....       52%         1    ##.....
 Flame Tongue             Conj/Fire      #....        52%         1    ##.....
 Infusion                 Chrm           #...         52%         1    ##.....
 Magic Dart               Conj           #...         52%         1    ##.....
 Pain                     Necr           #...         52%         1    ##.....
 Summon Butterflies       Summ           #.......     52%         1    ##.....
 Poisonous Vapours        Pois/Air       #.....       67%         2    ###....
 Searing Ray              Conj           #.....       67%         2    ###....
 Shroud of Golubria       Chrm/Tloc      #.....       67%         2    ###....
 Song of Slaying          Chrm           #.......     67%         2    ###....
 Sticks to Snakes         Tmut           #.......     67%         2    ###....
 Throw Flame              Conj/Fire      #.....       67%         2    ###....
 Confuse                  Hex            #.......     88%         3    ####...
 Conjure Flame            Conj/Fire      #.......     88%         3    ####...
 Dazzling Spray           Conj/Hex       #.....       88%         3    ####...
 Gell's Gravitas          Tloc           #.........   88%         3    ####...
 Inner Flame              Hex/Fire       #.......     88%         3    ####...
 Lesser Beckoning         Tloc           #.........   88%         3    ####...
 Mephitic Cloud           Conj/Pois/Air  #.......     88%         3    ####...
 Spectral Weapon          Hex/Chrm       #.......     88%         3    ####...
 Spider Form              Tmut/Pois      #.........   88%         3    ####...
 Static Discharge         Conj/Air       #.......     88%         3    ####...
 Tukima's Dance           Hex            #.......     88%         3    ####...
 Vampiric Draining        Necr           #.........   88%         3    ####...
 Animate Dead             Necr           N/A          99%         4    #####..
 Force Lance              Conj/Tloc      #.......     99%         4    #####..
 Fulminant Prism          Conj/Hex       #.........   99%         4    #####..
 Ice Form                 Ice/Tmut       #.......     99%         4    #####..
 Iskenderun's Mystic Bla  Conj           #.......     99%         4    #####..
 Petrify                  Tmut/Erth      #.......     99%         4    #####..
 Sticky Flame             Conj/Fire      #.......     99%         4    #####..
 Alistair's Intoxication  Tmut/Pois      #.......     100%        5    ######.
 Blade Hands              Tmut           #.........   100%        5    ######.
 Fireball                 Conj/Fire      #.........   100%        5    ######.
 Lightning Bolt           Conj/Air       #.........   100%        5    ######.
 Metabolic Englaciation   Hex/Ice        #.........   100%        5    ######.
 Yara's Violent Unravell  Hex/Tmut       #.........   100%        5    ######.
 Bolt of Cold             Conj/Ice       #.........   100%        6    #######
 Freezing Cloud           Conj/Ice/Air   #.........   100%        6    #######
 Invisibility             Hex            #.......     100%        6    #######
 Ozocubu's Refrigeration  Ice            #.........   100%        6    #######
 Simulacrum               Ice/Necr       #.........   100%        6    #######
 Ring of Flames           Chrm/Fire      #.........   100%        7    #######
 Ignition                 Fire           #.........   100%        8    #######
 Shatter                  Erth           #.........   100%        9    #######
 Tornado                  Air            #.........   100%        9    #######


Dungeon Overview and Level Annotations

Branches:
Dungeon (15/15)            Temple (1/1) D:4            Lair (6/6) D:9
 Shoals (3/4) Lair:4       Spider (4/4) Lair:2        Slime (0/5) Lair:5
    Orc (2/2) D:10            Elf (0/3) Orc:2        Vaults (0/5) D:14
 Depths (0/5) D:15        Ossuary (visited)          Bailey (visited)
  IceCv (visited)

Altars:
Ashenzari
Cheibriados
Dithmenos
Elyvilon
Fedhas
Gozag
Hepliaklqana
Kikubaaqudgha
Makhleb
Nemelex Xobeh
Okawaru
Qazlal
Ru
Sif Muna
Trog
Uskayaw
Vehumet
Wu Jian
Xom
Yredelemnul
Zin
The Shining One
Beogh
Jiyva
Lugonu

Shops:
D:9 (   D:13 !   Orc:2 *!}(   Lair:4 =   Lair:6 *(?([   Shoals:1 }   Shoals:2 [

Annotations:
D:11 2 transporters, Mamah's ghost, journeyman TrMo
D:14 2 runed translucent doors, Onucvo's ghost, journeyman FoFi
Lair:4 3 runed translucent doors, HunfridMar's ghost, journeyman DECj
Shoals:3 Mara
Spider:1 2 transporters


Innate Abilities, Weirdness & Mutations

You cannot be hasted, slowed, berserked, paralysed or teleported.
You can dig through walls and to a lower floor.
Your four strong arms can wield two-handed weapons with a shield.
You have a pair of large antennae on your head. (SInv)


Message History

* * * LOW HITPOINT WARNING * * *
Unknown command.
Unknown command.
Unknown command.
You miss Arum's illusion.
Arum's illusion is severely wounded.
You hit Mara but do no damage. You slash Mara!
You block Arum's illusion's attack.
Unknown command.
Unknown command.
Unknown command.
You slice Arum's illusion!!
Arum's illusion is almost dead.
You hit Mara but do no damage. You barely miss Mara. You block Mara's attack.
Arum's illusion hits you!!
* * * LOW HITPOINT WARNING * * *
x2 Mara gestures at you.
The bolt of fire hits you!!!
You die...
Your body crumbles into a pile of gold.

#. ......
#####.###.(....
.............≈≈
.........≈≈≈≈≈≈
....≈≈...≈≈≈≈≈≈
.≈............≈≈
^.....R@R......≈
#R@##..≈≈≈≈≈
#......≈≈≈≈≈≈
##.##≈≈≈≈≈≈≈≈≈
##..#.)≈≈≈≈≈≈≈≈
##..^....≈≈..≈≈≈
#....≈≈..≈≈..≈≈≈≈≈≈
#...≈......≈.≈≈≈≈≈≈
#.....#.......≈≈≈≈≈≈
≈≈.
##.###.##.<...≈≈≈≈≈≈≈≈≈


You could see 3 Maras and Arum's illusion.

Vanquished Creatures
  Arachne (Spider:3)
  Jorgrun (D:13)
  An Ice Fiend (IceCv)
  Donald (Shoals:1)
  Kirke (Lair:6)
  8 emperor scorpions
  An orc warlord (Orc:2)
  An azure jelly (Shoals:2)
  2 ghost moths (Spider:4)
  Aizul (Shoals:1)
  A stone giant (Shoals:1)
  5 entropy weavers
  Nessos (Lair:6)
  A minotaur (D:14)
  3 merfolk impalers
  2 fire dragons (D:15)
  Josephine (Shoals:1)
  Erolcha (D:13)
  Fannar (Orc:1)
  10 hydras
  4 catoblepae
  A rakshasa (D:13)
  Erica (Orc:1)
  A centaur warrior (D:13)
  A tengu warrior (D:13)
  8 two-headed ogres
  A merfolk aquamancer (Shoals:1)
  An ogre mage (D:15)
  A two-headed ogre (shapeshifter) (D:15)
  A merfolk avatar (Shoals:3)
  7 death yaks
  An orc high priest (Orc:2)
  A satyr (D:13)
  Nergalle (Orc:1)
  4 sea snakes
  2 unseen horrors (D:11)
  9 harpies (Shoals:1)
  9 orc knights
  Pikel (D:6)
  A lindwurm (D:14)
  An orc sorcerer (Orc:2)
  15 orb spiders
  An oklob plant (Lair:2)
  24 wolf spiders
  10 fauns
  3 cyclopes
  2 moths of wrath (Spider:4)
  8 manticores
  6 merfolk sirens
  A moth of wrath (shapeshifter) (D:14)
  A guardian serpent (shapeshifter) (D:14)
  9 elephants
  An ice statue (IceCv)
  5 black mambas
  A water nymph (Shoals:1)
  6 spiny frogs
  2 torpor snails
  A rime drake (Lair:6)
  A gargoyle (D:13)
  8 komodo dragons
  3 ice devils (IceCv)
  A kobold demonologist (D:13)
  4 freezing wraiths
  4 anaconda simulacra (IceCv)
  5 trolls
  11 demonic crawlers
  A polar bear (Lair:6)
  A meliai (shapeshifter) (D:14)
  10 merfolk
  22 jumping spiders
  A wolf spider simulacrum (IceCv)
  4 hornets
  10 hippogriffs
  2 wind drakes
  11 blink frogs
  3 snapping turtles
  A dream sheep (shapeshifter) (D:13)
  9 dream sheep
  8 slime creatures
  6 water elementals
  4 wyverns
  A vampire (D:14)
  3 dire elephant simulacra (IceCv)
  6 wraiths
  A shadow (D:15)
  67 redbacks
  16 tarantellas
  54 yaks
  3 basilisks
  6 hogs
  A hungry ghost (D:9)
  7 vampire mosquitoes (D:13)
  A death yak simulacrum (IceCv)
  3 harpy simulacra (IceCv)
  5 wargs (Orc:2)
  A soldier ant (D:13)
  Edmund (D:6)
  13 water moccasins
  4 hydra simulacra (IceCv)
  5 porcupines
  2 hornet zombies
  A black bear (D:10)
  57 orc warriors
  An alligator simulacrum (IceCv)
  4 ice beasts
  An eye of draining (D:14)
  19 ogres
  An ettin simulacrum (IceCv)
  3 necrophages
  2 sky beasts
  2 phantoms
  4 wolves (Lair:6)
  9 boggarts
  4 centaurs
  9 crocodiles
  2 elf zombies (Ossuary)
  5 big kobolds
  25 bullfrogs
  A wyvern zombie (D:13)
  A water moccasin zombie (D:10)
  3 scorpions
  A swamp dragon simulacrum (IceCv)
  17 killer bees (D:9)
  4 wights (D:8)
  4 howler monkeys
  6 electric eels
  6 crimson imps
  A bullfrog zombie (D:9)
  3 draconian simulacra (IceCv)
  5 centaur zombies
  3 quasits
  4 hounds
  4 jellies
  2 centaur skeletons
  3 human zombies (Ossuary)
  18 orc priests
  36 orc wizards
  4 bullfrog skeletons
  5 worker ants
  Ijyb (D:4)
  Natasha (twice) (D:3)
  3 iguanas
  4 troll simulacra (IceCv)
  2 spriggan simulacra (IceCv)
  A polar bear simulacrum (IceCv)
  A big kobold zombie (Ossuary)
  3 centaur simulacra (IceCv)
  A hound zombie (D:7)
  2 hound skeletons
  2 mummies (Ossuary)
  A worker ant zombie (D:9)
  12 gnolls
  4 naga simulacra (IceCv)
  A river rat (Lair:5)
  14 adders
  A howler monkey skeleton (D:7)
  An ogre simulacrum (IceCv)
  2 shadow imps
  4 white imps (IceCv)
  5 ufetubi (IceCv)
  2 oozes
  3 adder zombies
  An adder skeleton (D:7)
  A worm (D:3)
  7 leopard geckos
  110 orcs
  4 ball pythons
  8 bats
  8 giant cockroaches
  15 goblins
  11 hobgoblins
  9 jackals
  A quokka (D:9)
  4 frilled lizards
  A giant cockroach zombie (D:5)
  2 goblin zombies (Ossuary)
  7 hobgoblin zombies (Ossuary)
  A jackal zombie (D:9)
  29 kobolds
  14 kobold zombies (Ossuary)
  2 leopard gecko skeletons
  8 orc zombies (Ossuary)
  A quokka zombie (D:6)
  10 rats
  3 fungi
  9 plants
1145 creatures vanquished.

Vanquished Creatures (others)
  A satyr (Shoals:2)
  A merfolk (Shoals:1)
  Menkaure (D:6)
  A slave (D:6)
  A white imp (IceCv)
  3 ufetubi (IceCv)
  3 fungi
  8 plants
19 creatures vanquished.

Grand Total: 1164 creatures vanquished

Notes
Turn   | Place    | Note
-------+----------+-------------------------------------------
     0 | D:1      | Arum the Formicid Fighter began the quest for the Orb.
     0 | D:1      | Reached XP level 1. HP: 18/18 MP: 1/1
    36 | D:1      | Reached XP level 2. HP: 16/24 MP: 2/2
   143 | D:1      | Found an ornate altar of the Wu Jian Council.
   380 | D:1      | Reached XP level 3. HP: 28/30 MP: 3/3
  1023 | D:2      | Reached XP level 4. HP: 33/37 MP: 4/4
  1059 | D:2      | Reached skill level 4 in Fighting
  1661 | D:3      | Found a glowing silver altar of Zin.
  1766 | D:3      | Noticed Natasha
  1771 | D:3      | Killed Natasha
  1771 | D:3      | Reached XP level 5. HP: 42/42 MP: 5/5
  1839 | D:3      | Noticed Natasha
  1845 | D:3      | Killed Natasha
  1845 | D:3      | Reached skill level 5 in Shields
  2126 | D:3      | Reached XP level 6. HP: 49/49 MP: 6/6
  2250 | D:4      | Noticed Ijyb
  2305 | D:4      | Killed Ijyb
  2341 | D:4      | Reached skill level 5 in Fighting
  2521 | D:4      | Found a staircase to the Ecumenical Temple.
  2537 | D:4      | Noticed an ogre
  2540 | Temple   | Entered the Ecumenical Temple
  2575 | Temple   | Became a worshipper of Gozag Ym Sagoz the Greedy
  2618 | D:4      | Killed an ogre
  2840 | D:4      | Reached XP level 7. HP: 42/56 MP: 7/7
  3292 | D:4      | Found a snail-covered altar of Cheibriados.
  3408 | D:5      | Entered Level 5 of the Dungeon
  3428 | D:5      | Found a bloodstained altar of Trog.
  3717 | D:5      | Reached skill level 6 in Fighting
  3721 | D:5      | Reached skill level 5 in Axes
  3721 | D:5      | Reached XP level 8. HP: 59/63 MP: 8/8
  4022 | D:6      | Found a sacrificial altar of Ru.
  4448 | D:6      | Got an encrusted hand axe
  4449 | D:6      | Identified the +8 hand axe of Valiance {speed, Int+3
                  | Stlth-} (You found it on level 6 of the Dungeon)
  4710 | D:6      | Noticed Pikel
  4726 | D:6      | Killed Pikel
  4726 | D:6      | Reached skill level 7 in Fighting
  4726 | D:6      | Reached XP level 9. HP: 58/71 MP: 5/9
  4754 | D:6      | Killed Menkaure
  4778 | D:6      | Noticed Edmund
  4817 | D:6      | Killed Edmund
  5222 | D:6      | Found a sparkling altar of Nemelex Xobeh.
  5231 | D:6      | Reached skill level 8 in Fighting
  5390 | D:7      | Noticed a hippogriff
  5399 | D:7      | Killed a hippogriff
  5409 | D:7      | Learned a level 3 spell: Regeneration
  5412 | D:7      | Found an ancient bone altar of Kikubaaqudgha.
  5414 | D:7      | Found a blossoming altar of Fedhas.
  6020 | D:8      | Noticed a two-headed ogre
  6024 | D:8      | a two-headed ogre changed into a redback
  6045 | D:8      | Found a radiant altar of Vehumet.
  6049 | D:8      | Found a glowing golden altar of the Shining One.
  6050 | D:8      | Found a shimmering blue altar of Sif Muna.
  6051 | D:8      | Found a shattered altar of Ashenzari.
  6069 | D:8      | Reached XP level 10. HP: 77/81 MP: 8/10
  6099 | D:8      | Noticed a two-headed ogre
  6099 | D:8      | Noticed a death drake
  6099 | D:8      | a two-headed ogre changed into a death drake
  6101 | D:8      | a death drake changed into a jumping spider
  6109 | D:8      | Reached skill level 9 in Fighting
  6130 | D:8      | Found a shadowy altar of Dithmenos.
  6132 | D:8      | Found an iron altar of Okawaru.
  6132 | D:8      | Found a shimmering altar of Xom.
  6242 | D:8      | Found an ornate altar of the Wu Jian Council.
  6287 | D:8      | Found a sand-covered staircase.
  6296 | Ossuary  | Entered an ossuary
  6424 | Ossuary  | Reached skill level 5 in Armour
  6664 | D:8      | Got an encrusted battleaxe
  6665 | D:8      | Identified the cursed +1 battleaxe of Kevaen {holy, rN+ MR-
                  | Dex+4 Stlth+} (You found it on level 8 of the Dungeon)
  7366 | D:9      | Reached skill level 10 in Fighting
  7455 | D:9      | Found a staircase to the Lair.
  7542 | D:9      | Identified a scroll of acquirement
  7543 | D:9      | Found the +2 pair of boots of the Assassin {Detection Stab+
                  | Stlth++}
  7585 | D:9      | Reached XP level 11. HP: 61/91 MP: 6/11
  7805 | D:9      | Got a wavering iron ring
  7914 | D:9      | Noticed a two-headed ogre
  7925 | D:9      | Killed a two-headed ogre
  7979 | D:9      | Reached skill level 11 in Fighting
  8036 | D:9      | Reached skill level 10 in Axes
  8245 | D:9      | Found Bedd's Antique Weapon Shoppe.
  8760 | D:9      | Found a hide-covered altar of Uskayaw.
  8932 | D:10     | Entered Level 10 of the Dungeon
  9094 | D:10     | Found a flagged portal.
  9106 | Bailey   | Entered a bailey
 10125 | D:10     | Reached XP level 12. HP: 60/100 MP: 6/12
 10701 | D:10     | Reached skill level 12 in Fighting
 10962 | D:10     | Found a staircase to the Orcish Mines.
 11174 | D:11     | Noticed an unseen horror
 11180 | D:11     | Noticed an unseen horror
 11191 | D:11     | Killed an unseen horror
 11198 | D:11     | Killed an unseen horror
 11198 | D:11     | Reached skill level 10 in Armour
 11261 | D:11     | Found a transporter.
 11263 | D:11     | Found a transporter.
 11264 | D:11     | Noticed Mamah's ghost (journeyman TrMo)
 11304 | D:11     | You fall into a shaft and drop 3 floors!
 11314 | D:13     | Noticed Erolcha
 11328 | D:13     | Killed Erolcha
 11398 | D:13     | Found Wixucvum's Distillery.
 11406 | D:13     | Noticed a tengu warrior
 11432 | D:13     | Killed a tengu warrior
 11453 | D:13     | Bought a potion of mutation for 136 gold pieces
 11453 | D:13     | Bought a potion of lignification for 51 gold pieces
 11453 | D:13     | Bought a potion of heal wounds for 85 gold pieces
 11454 | D:13     | Identified the ring of the Raven {+Blink rElec EV+3 Str+3}
                  | (You found it on level 9 of the Dungeon)
 11573 | D:13     | Noticed a rakshasa
 11596 | D:13     | Killed a rakshasa
 11596 | D:13     | Reached skill level 1 in Dodging
 11742 | D:13     | Noticed an unseen horror
 12006 | D:13     | Reached skill level 13 in Fighting
 12101 | D:13     | Noticed a four-headed hydra
 12101 | D:13     | Noticed a two-headed ogre
 12114 | D:13     | Killed a two-headed ogre
 12114 | D:13     | Reached XP level 13. HP: 110/110 MP: 13/13
 12119 | D:13     | a four-headed hydra changed into a satyr
 12448 | D:13     | Noticed a centaur warrior
 12470 | D:13     | Killed a centaur warrior
 12604 | D:13     | Found a shadowy altar of Dithmenos.
 12674 | D:13     | Found a sacrificial altar of Ru.
 12759 | D:13     | Noticed Jorgrun
 12791 | D:13     | Killed Jorgrun
 13135 | D:12     | Reached skill level 5 in Dodging
 14569 | D:14     | Reached skill level 14 in Fighting
 14666 | D:14     | Noticed a five-headed hydra
 14668 | D:14     | a five-headed hydra changed into a death yak
 14929 | D:14     | Noticed a seven-headed hydra
 14930 | D:14     | Found a large runed translucent door.
 14930 | D:14     | Found a large runed translucent door.
 14938 | D:14     | Noticed a minotaur
 14938 | D:14     | a seven-headed hydra changed into a minotaur
 14952 | D:14     | Killed a minotaur
 14952 | D:14     | Reached XP level 14. HP: 87/120 MP: 11/14
 15063 | D:14     | Noticed Onucvo's ghost (journeyman FoFi)
 15463 | D:14     | Found a gate to the Vaults.
 15556 | D:15     | Entered Level 15 of the Dungeon
 16219 | D:15     | Found a staircase to the Depths.
 16969 | Orc:1    | Entered Level 1 of the Orcish Mines
 16977 | Orc:1    | Noticed Nergalle
 17008 | Orc:1    | Killed Nergalle
 17144 | Orc:1    | Noticed Fannar
 17148 | Orc:1    | Noticed Erica
 17178 | Orc:1    | Killed Fannar
 17178 | Orc:1    | Reached skill level 15 in Fighting
 17183 | Orc:1    | Killed Erica
 17200 | Orc:1    | Found a roughly hewn altar of Beogh.
 17718 | Orc:2    | Entered Level 2 of the Orcish Mines
 18542 | Orc:2    | Noticed an orc warlord
 18641 | Orc:2    | Killed an orc warlord
 18650 | Orc:2    | Reached XP level 15. HP: 79/130 MP: 12/15
 19113 | Orc:2    | Found a roughly hewn altar of Beogh.
 19157 | Orc:2    | Found a staircase to the Elven Halls.
 19559 | Orc:2    | Found Vamalaaj's Antique Weapon Shop.
 19559 | Orc:2    | Found Emodgh's Gadget Emporium.
 19683 | Orc:2    | Found Sienumig's General Store.
 19683 | Orc:2    | Found Giolorghe's Distillery.
 19716 | Orc:2    | Bought a potion of curing for 36 gold pieces
 19725 | Orc:2    | Bought a potion of agility for 48 gold pieces
 19725 | Orc:2    | Bought a potion of degeneration for 12 gold pieces
 19986 | Lair:1   | Entered Level 1 of the Lair of Beasts
 20171 | Lair:1   | Reached skill level 16 in Fighting
 21017 | Lair:2   | Reached skill level 15 in Axes
 21271 | Lair:2   | You fall into a shaft and drop 1 floor!
 22712 | Lair:2   | Found a hole to the Spider Nest.
 23574 | Lair:4   | Noticed HunfridMar's ghost (journeyman DECj)
 23600 | Lair:4   | Reached skill level 10 in Shields
 23753 | Lair:4   | Found a runed translucent gate.
 23855 | Lair:4   | Found a runed translucent gate.
 23855 | Lair:4   | Found a runed translucent gate.
 23880 | Lair:4   | Found a staircase to the Shoals.
 24562 | Lair:5   | Found a staircase to the Slime Pits.
 24562 | Lair:5   | Found a viscous altar of Jiyva.
 24610 | Lair:5   | You fall into a shaft and drop 1 floor!
 24610 | Lair:6   | Entered Level 6 of the Lair of Beasts
 24611 | Lair:6   | Noticed Kirke
 25039 | Lair:5   | Reached skill level 17 in Fighting
 25089 | Lair:5   | Reached XP level 16. HP: 118/141 MP: 13/16
 25615 | Lair:5   | Got a faintly glowing scale mail
 25616 | Lair:5   | Identified the +4 scale mail of Ykkuzox {-Tele rC+++ rCorr}
                  | (You found it on level 5 of the Lair of Beasts)
 27473 | Lair:6   | Got a warped trident
 27474 | Lair:6   | Identified the +7 trident "Onudd" {venom, rF+ rN+ Stlth+}
                  | (You found it on level 6 of the Lair of Beasts)
 27718 | Lair:6   | Found a stormy altar of Qazlal.
 27907 | Lair:6   | Noticed Nessos
 27957 | Lair:6   | Killed Nessos
 28014 | Lair:6   | Killed Kirke
 28277 | Lair:6   | Bought the +1 pair of boots "Put-Me-On" {Regen+ Int+4
                  | Dex+4} for 499 gold pieces
 28295 | Lair:6   | Bought a scroll of magic mapping for 49 gold pieces
 28295 | Lair:6   | Bought a scroll of brand weapon for 280 gold pieces
 28302 | Lair:6   | Bought a dazzling battleaxe for 391 gold pieces
 28303 | Lair:6   | Identified the +6 battleaxe of Uncomfortable Rashes {chop,
                  | rPois} (You bought it in a shop on level 6 of the Lair of
                  | Beasts)
 28406 | Spider:1 | Entered Level 1 of the Spider Nest
 28916 | Spider:1 | Found a transporter.
 28931 | Spider:1 | Found a transporter.
 29400 | Spider:2 | Reached skill level 18 in Fighting
 29519 | Spider:2 | Reached XP level 17. HP: 136/149 MP: 15/17
 30744 | Spider:4 | Entered Level 4 of the Spider Nest
 30745 | Spider:4 | Noticed Arachne
 30766 | Spider:3 | Killed Arachne
 31513 | Spider:4 | Reached XP level 18. HP: 116/159 MP: 2/18
 31520 | Spider:4 | Reached skill level 19 in Fighting
 31709 | Spider:4 | Got a gossamer rune of Zot
 32025 | Lair:4   | Bought an uncursed ring of protection from magic for 325
                  | gold pieces
 32035 | Shoals:1 | Entered Level 1 of the Shoals
 32035 | Shoals:1 | Noticed Josephine
 32045 | Shoals:1 | Killed Josephine
 32115 | Shoals:1 | Noticed Aizul
 32124 | Shoals:1 | Killed Aizul
 32139 | Shoals:1 | Found Jolaeppu's Gadget Shoppe.
 32141 | Shoals:1 | Noticed Donald
 32158 | Shoals:1 | Killed Donald
 32368 | Shoals:1 | Reached skill level 15 in Shields
 32960 | Shoals:2 | Found a frozen archway.
 32991 | IceCv    | Entered an ice cave
 33539 | IceCv    | Noticed an Ice Fiend
 33566 | IceCv    | Killed an Ice Fiend
 34478 | Shoals:2 | Found Jytoz's Armour Boutique.
 34751 | Shoals:3 | Noticed Mara
 34759 | Shoals:3 | Noticed Arum's illusion
 34771 | Shoals:3 | Killed from afar by Mara

Levels and vault maps discovered:
D:1:      dpeg_arrival_windows_large_door, layout_loops_ring,
          kennysheep_flooded_box, chequers_serial_rivers_micro_d
D:2:      layout_loops_ring
D:3:      layout_basic, zin_statuary, uniq_natasha
D:4:      layout_gridville, marbit_many_paths, minmay_temple_entry_statues,
          uniq_ijyb
D:5:      layout_gridville, first_ration, basic_altar, small_statue_alley_b,
          minmay_misc_feat_room
D:6:      layout_basic, overflow_temple_1_default, nemelex_dance_club_becter,
          uniq_pikel, uniq_menkaure, uniq_edmund
D:7:      layout_loops_ring, grunt_temple_overflow_growth_and_decay
D:8:      layout_basic, gammafunk_temple_overflow_forgotten,
          grunt_temple_overflow_open, nicolae_ossuary_entry_monument
D:9:      layout_loops_corners, kennysheep_mini, grunt_lair_entry_orc_guard_hut,
          serial_shops, shop, hangedman_fish_farm, kennysheep_cluttered_room
D:10:     layout_cave_pods, david_orc_4, enter_bailey_3
D:11:     layout_rooms, gammafunk_ghost_hive
D:12:     layout_long_grid, hangedman_decor_push
D:13:     layout_roguey, basic_altar, serial_shops, shop, drop_trap,
          nicolae_dithmenos_through_a_glass_darkly, uniq_jorgrun, uniq_erolcha
D:14:     layout_small_grid, david_vaults_4, ebering_ghost_disaster_area,
          chequers_serial_rivers_small_b
D:15:     grunt_enter_depths_hoard, layout_basic
Temple:   corrupted_temple
Lair:1:   layout_long_grid, chequers_serial_rivers_large_b
Lair:2:   layout_regular_city, spider_nest_entry_a, serial_bayou_shore_a,
          grunt_megastairs_3, minmay_lair_oklob_chamber
Lair:3:   layout_hall_layers, infiniplex_staircase_pool_2, lemuel_fruit_tree
Lair:4:   wad_woods_04, layout_layer_cave, minmay_shoals_entry_lonely_mermaid,
          maelrawn_ghost_gauntlet_escape, infiniplex_staircase_pool
Lair:5:   layout_hall_layers, slime_altar_1, pond, grunt_megastairs_5
Lair:6:   evilmike_catoblepas_cave, layout_gridlike, basic_altar,
          grunt_megastairs_1, uniq_nessos, uniq_kirke
Shoals:1: layout_shoals, serial_shops, nicolae_shop_crystal, st_sunken_temple,
          uniq_aizul, uniq_donald, uniq_josephine
Shoals:2: layout_shoals, portal_ice_cave_entry_frozen_things, serial_shops,
          shop_statue
Shoals:3: layout_shoals, uniq_mara
Spider:1: gammafunk_the_bubble [the_bubble_gammafunk_plus_minus]
Spider:2: layout_spider_delve
Spider:3: layout_spider_delve, drop_trap
Spider:4: grunt_spider_rune_circles, uniq_arachne
Orc:1:    layout_diamond_mine, basic_altar, uniq_fannar, uniq_erica,
          uniq_nergalle
Orc:2:    st_orc_town, layout_diamond_mine

Skill      XL: |  1  2  3  4  5  6  7  8  9 10 11 12 13 14 15 16 17 18 |
---------------+-------------------------------------------------------+-----
Shields        | 4 5 6 8 9 10 12 14 15 | 15.0
Fighting       | 4 5 6 7 8 10 11 13 14 15 17 18 19 | 19.8
Axes           | 3 4 5 6 7 9 10 12 13 14 15 16 17 18 | 18.3
Armour         | 4 7 9 10 11 | 11.3
Dodging        | 3 6 8 |  8.0

Action                   |  1- 3 |  4- 6 |  7- 9 | 10-12 | 13-15 | 16-18 || total
-------------------------+-------+-------+-------+-------+-------+-------++-------
Melee: War axe           |    92 |   100 |       |       |       |       ||   192
       Hand axe          |       |   141 |   353 |   925 |  1786 |   377 ||  3582
       Scimitar          |       |       |       |       |    35 |    20 ||    55
       Unarmed           |       |       |       |       |    13 |       ||    13
       Battleaxe         |       |       |       |       |       |   939 ||   939
Invok: Potion Petition   |       |       |       |       |     6 |     2 ||     8
       Call Merchant     |       |       |       |       |       |     6 ||     6
 Abil: Dig               |       |     1 |       |     5 |     9 |     6 ||    21
Evoke: Wand              |       |       |     4 |     3 |    17 |     2 ||    26
  Use: Scroll            |       |       |       |    18 |       |    17 ||    35
       Potion            |       |       |       |     1 |     5 |     2 ||     8
 Stab: Distracted        |       |       |       |     4 |    12 |    15 ||    31
       Invisible         |       |       |       |       |     2 |       ||     2
       Sleeping          |       |       |       |       |     3 |     1 ||     4
       Paralysed         |       |       |       |       |     4 |       ||     4
       Petrifying        |       |       |       |       |       |     8 ||     8
       Petrified         |       |       |       |       |       |     1 ||     1
  Eat: Chunk             |       |     7 |       |       |       |       ||     7
       Ration            |       |       |     3 |     8 |    12 |    10 ||    33
Armor: Scale mail        |    18 |       |    22 |   168 |   166 |   323 ||   697
       Ring mail         |    28 |   108 |    62 |       |       |       ||   198
       Plate armour      |       |       |       |       |    26 |     3 ||    29
Dodge: Dodged            |    32 |    95 |    78 |   169 |   467 |   661 ||  1502
       Deflected         |       |       |     2 |    36 |     1 |       ||    39
Block: Shield            |    66 |   137 |   136 |   333 |   501 |   813 ||  1986
       Reflection        |       |       |       |       |       |    37 ||    37
       Rpst.: Scimitar   |       |       |       |       |     8 |     1 ||     9
